 Dungeon Crawl Stone Soup version 0.18-a0-1273-g8ec5f8e (webtiles) character file.

14 M4edhros the Charlatan (level 2, -2/18 HPs)
             Began as an Octopode Artificer on Feb 8, 2016.
             Slain by a jackal (3 damage)
             ... on level 1 of the Dungeon.
             The game lasted 00:00:45 (488 turns).

M4edhros the Charlatan (Octopode Artificer)          Turns: 488, Time: 00:00:46

Health: -2/18      AC:  1    Str: 10    XL:     2   Next: 45%
Magic:  4/4        EV: 12    Int: 14    God:
Gold:   59         SH:  0    Dex: 12    Spells: 0 memorised, 1 level left

rFire  . . .     SeeInvis .     m - -1 dagger (curse)
rCold  . . .     Gourm    .     (no shield)
rNeg   . . .     Faith    .     (helmet restricted)
rPois  .         Spirit   .     (no amulet)
rElec  .         Dismiss  .     g - ring of resist corrosion
rCorr  +         Reflect  .     (no ring)
SustAt .         Harm     .     (no ring)
MR     .....                    (no ring)
Stlth  +++.......               (no ring)
                                (no ring)
                                (no ring)
                                (no ring)

@: not resistant to hostile enchantments, fairly stealthy
A: almost no armour, amphibious, 8 rings, constrict 8, camouflage 1, gelatinous
body 1
a: no special abilities


You were on level 1 of the Dungeon.
You were not hungry.

You visited 1 branch of the dungeon, and saw 1 of its levels.

You collected 59 gold pieces.

Inventory:

Hand Weapons
 a - a +0 short sword
 m - a cursed -1 dagger (weapon)
Jewellery
 g - a ring of resist corrosion (left tentacle)
 k - an uncursed ring of protection from magic {unknown}
Wands
 b - a wand of flame (14/48)
 c - a wand of enslavement (15/24)
 d - a wand of random effects (15/48)
Scrolls
 e - 2 scrolls of enchant armour {unknown}
 h - a scroll of amnesia {unknown}
 i - a scroll of identify {unknown}
 j - a scroll of recharging {unknown}
 l - a scroll of random uselessness {unknown}
Potions
 n - a potion of curing {unknown}
Comestibles
 f - a bread ration
 o - 2 fruits


   Skills:
 - Level 1.0 Fighting
 - Level 1.0 Short Blades
 * Level 2.6 Dodging
 * Level 2.2 Stealth
 + Level 3.4 Evocations


You had one spell level left.
You didn't know any spells.

Dungeon Overview and Level Annotations

Branches:
Dungeon (1/15)

Altars:


Innate Abilities, Weirdness & Mutations

You cannot wear most types of armour.
You are amphibious.
You can wear up to eight rings at the same time.
You can use your tentacles to constrict eight enemies at once.
Your skin changes colour to match your surroundings (Stealth).
Your rubbery body absorbs attacks (AC +1).


Message History

The jackal barely misses you.
You barely miss the jackal.
You squeeze the jackal, but do no damage.
The jackal is severely wounded.
You constrict the jackal, but do no damage. x2
The jackal bites you.
* * * LOW HITPOINT WARNING * * *
The jackal bites you.
* * * LOW HITPOINT WARNING * * *
The jackal closely misses you. The jackal bites you.
* * * LOW HITPOINT WARNING * * *
Evoke which item? (* to show all) (? for menu, Esc to quit)
Zapping:
b - a wand of flame (15/48)
Press: ? - help, Shift-Dir - straight line, f - jackal
Aim: a jackal (severely wounded, constricted by you)
The puff of flame hits the jackal.
You kill the jackal!
This wand has 14 charges left.
You constrict the jackal. x2
The jackal bites you.
You die...

#####.# ##..#
#...#.#####....
#..............
#......###.#..#
####..#.# #####.
##....######.####
##..#### #.#..P##
#..## ##.#.).##
#@## #..P.P##
#.†hh.# #...#.P#
#.....# #..†####
#.......
###..P##.
#.....###
#........ #.....#
#.....[.. #.....#
##....... #.....#
##...#.. #######


You could see 2 jackals.

Vanquished Creatures
  A bat (D:1)
  A hobgoblin (D:1)
  A jackal (D:1)
  3 ball pythons (D:1)
  A giant newt (D:1)
  2 goblins (D:1)
  3 kobolds (D:1)
  4 rats (D:1)
16 creatures vanquished.

Notes
Turn   | Place    | Note
--------------------------------------------------------------
     0 | D:1      | M4edhros the Octopode Artificer began the quest for the Orb.
     0 | D:1      | Reached XP level 1. HP: 13/13 MP: 3/3
   188 | D:1      | Reached XP level 2. HP: 13/18 MP: 4/4
   488 | D:1      | Slain by a jackal

Vault maps used:
D:1:      lightli_arrival_isolated_outpost, serial_park_tiny_1,
          minmay_shallow_snake_nest

Action                   || total
-------------------------++-------
Melee: Short sword       ||    18
       Dagger            ||    19
Evoke: Wand              ||     1
 Stab: Sleeping          ||     2
